 Dungeon Crawl Stone Soup version 0.21.0 (webtiles) character file.

433 Hekarica the Stinger (level 6, -11/67 HPs)
             Began as a Draconian Venom Mage on May 20, 2018.
             Splashed by Ijyb's acid (16 damage)
             ... on level 4 of the Dungeon.
             The game lasted 00:24:31 (3309 turns).

Hekarica the Stinger (Draconian Venom Mage)         Turns: 3309, Time: 00:24:35

Health: -11/67     AC: 22    Str: 11    XL:     6   Next: 67%
Magic:  8/11       EV:  2    Int: 16    God:
Gold:   109        SH:  0    Dex: 12    Spells: 4/12 levels left

rFire    . . .     SeeInvis .   e - +2 dagger (protect)
rCold    . . .     Gourm    .   (no shield)
rNeg     + + +     Faith    .   (armour unavailable)
rPois    +         Spirit   .   (helmet currently unavailable)
rElec    .         Reflect  .   (cloak currently unavailable)
rCorr    .         Harm     .   (gloves currently unavailable)
MR       .....     NoTele   +   (boots currently unavailable)
Stlth    +++.......             (no amulet)
HPRegen  0.21/turn              h - ring of stealth
MPRegen  0.12/turn              (no ring)

@: tree-form (expiring), corroded, protection aura
A: unfitting armour, AC +6
a: no special abilities


You were on level 4 of the Dungeon.
You were not hungry.
You were a tree.
You visited 1 branch of the dungeon, and saw 4 of its levels.

You collected 109 gold pieces.

Inventory:

Hand Weapons
 e - a +2 dagger of protection (weapon)
Missiles
 f - 5 javelins (quivered)
Armour
 c - a +1 pair of boots (melded)
Jewellery
 h - a ring of stealth (left branch)
Wands
 m - a wand of digging (8)
Scrolls
 d - 6 scrolls of identify
 g - 2 scrolls of teleportation
 l - a scroll of blinking {unknown}
 n - a scroll of enchant weapon {unknown}
Potions
 j - a potion of ambrosia {unknown}
Books
 a - a Young Poisoner's Handbook

   Spells                             Type                      Level
   a - Sting                          Conjuration/Poison           1
   b - Poisonous Vapours              Poison/Air                   2
   c - Mephitic Cloud                 Conjuration/Poison/Air       3
   d - Olgreb's Toxic Radiance        Poison                       4
   e - Venom Bolt                     Conjuration/Poison           5
Comestibles
 b - a ration


   Skills:
 - Level 3.0 Dodging
 - Level 3.0 Stealth
 + Level 3.7 Spellcasting
 + Level 2.2 Conjurations
 + Level 2.3 Air Magic
 * Level 4.2 Poison Magic


You had 4 spell levels left.
You knew the following spells:

 Your Spells              Type           Power        Failure   Level  Hunger
a - Sting                 Conj/Pois      ##..         4%          1    None
b - Mephitic Cloud        Conj/Pois/Air  ##......     16%         3    ###....
c - Olgreb's Toxic Radia  Pois           ###.....     30%         4    ####...


Dungeon Overview and Level Annotations

Branches:
Dungeon (4/15)
 Temple: D:4-7

Altars:
Gozag
Nemelex Xobeh
Ru

Shops:
D:4 *

Annotations:
D:3 Sigmund
D:4 Ijyb


Innate Abilities, Weirdness & Mutations

((Your plain brown scales are hard. (AC +6)))
You cannot fit into any form of body armour.
((You are cold-blooded and may be slowed by cold attacks.))


Message History

Ijyb hits you but does no damage.
You closely miss Ijyb.
Ijyb is almost dead.
The phantom blinks!
Ijyb hits you but does no damage.
You barely miss Ijyb.
Ijyb is almost dead.
The phantom blinks!
Ijyb barely misses you.
You hit Ijyb.
Ijyb is almost dead.
The phantom blinks!
Ijyb hits you but does no damage.
You hit Ijyb.
Ijyb is almost dead.
The phantom blinks!
You hit Ijyb but do no damage.
Ijyb is almost dead.
Ijyb grins evilly.
Ijyb zaps a wand.
The bolt of acid hits you!
* * * LOW HITPOINT WARNING * * *
The acid corrodes you!
You are splashed with acid!
The acid burns!
You die...

>........############
......g..............
.g......##.......#
...........##.#########.#
###.##.#...##g.##........
#....#.#.......<.......
#####....##.##(#######.#.
.....#......##.####
.....†...#####.g♣.#
....[...## ####...#
!=......# ##....#
...>....# ...#
.......8.8.8.# #.#
........⌠.⌠..# .
.......8.∩.8.#
........⌠.⌠.?.
..)..#.8.8.8.#


You could see Ijyb.

Vanquished Creatures
  An ogre (D:4)
  A scorpion (D:4)
  A bullfrog skeleton (D:4)
  A centaur skeleton (D:4)
  An iguana (D:4)
  Terence (D:3)
  A worker ant (D:4)
  7 adders
  2 oozes
  5 worms (D:2)
  A dart slug (D:1)
  2 leopard geckos
  3 orcs (D:3)
  7 bats
  7 giant cockroaches
  11 goblins
  8 hobgoblins
  2 jackals (D:1)
  2 quokkas (D:3)
  2 ball pythons (D:3)
  4 frilled lizards
  7 kobolds
  9 rats
86 creatures vanquished.

Notes
Turn   | Place    | Note
-------+----------+-------------------------------------------
     0 | D:1      | Hekarica the Draconian Venom Mage began the quest for the Orb.
     0 | D:1      | Reached XP level 1. HP: 14/14 MP: 3/3
   332 | D:1      | Reached XP level 2. HP: 20/20 MP: 1/5
   869 | D:1      | Reached XP level 3. HP: 26/26 MP: 1/6
  1560 | D:2      | Reached XP level 4. HP: 20/33 MP: 4/8
  1985 | D:2      | Found a sparkling altar of Nemelex Xobeh.
  1986 | D:2      | Found a sacrificial altar of Ru.
  2433 | D:3      | Learned a level 3 spell: Mephitic Cloud
  2438 | D:3      | Learned a level 4 spell: Olgreb's Toxic Radiance
  2548 | D:3      | Reached XP level 5. HP: 38/38 MP: 0/9
  2874 | D:3      | Noticed Terence
  2910 | D:3      | Killed Terence
  2910 | D:3      | Reached skill level 1 in Air Magic
  2966 | D:3      | Noticed Sigmund
  3001 | D:4      | Found an opulent altar of Gozag.
  3014 | D:4      | Found Otilio's Assorted Antiques.
  3045 | D:4      | Reached XP level 6. HP: 40/45 MP: 7/11
  3081 | D:4      | Noticed Ijyb
  3109 | D:4      | Reached skill level 4 in Poison Magic
  3294 | D:4      | HP: 2/67 [acid (13)]
  3309 | D:4      | Splashed by Ijyb's acid

Skill      XL: |  1  2  3  4  5  6 |
---------------+-------------------+-----
Dodging        | 2 3 |  3.0
Stealth        | 2 3 |  3.0
Spellcasting   | 3 |  3.7
Conjurations   | 2 |  2.2
Air Magic      | 1 2 |  2.3
Poison Magic   | 4 |  4.2

Action                   |  1- 3 |  4- 6 || total
-------------------------+-------+-------++-------
Melee: Unarmed           |    18 |       ||    18
       Tailslap          |     7 |    15 ||    22
       Dagger            |    73 |   153 ||   226
Throw: Javelin           |       |     3 ||     3
 Cast: Sting             |    65 |   109 ||   174
  Use: Scroll            |     4 |     1 ||     5
       Potion            |       |     2 ||     2
  Eat: Ration            |     1 |     1 ||     2
       Chunk             |       |     2 ||     2
Armor: Skin              |    40 |    55 ||    95
Dodge: Dodged            |    68 |    72 ||   140
